Map: Heavy Artillery LE

Players

Guiillo - Winner!

  • Race: Zerg Zerg
  • Spawn Location: 1:00

DaMaGeR - Winner!

  • Race: Zerg Zerg
  • League: Diamond
  • Spawn Location: 3:00

Massa

  • Race: Terran Terran
  • League: Platinum
  • Spawn Location: 7:00

qqq

  • Race: Zerg Zerg
  • League: Platinum
  • Spawn Location: 7:00

VOD

Have the link to the VOD?

Description

Time

  • Played on: Dec. 6, 2020, 4:59 p.m.
  • Length: 16:37
Show
View Real Time Build Order
Export as new Build Order

Guiillo Zerg - Winner!

Build Orders: Hatch First, Swarm Host 

Get SALT Encoding   

  12  0:02  Drone  
  13  0:18  Overlord  
  13  0:19  Drone  
  14  0:37  Drone  
  14  0:38  Drone  
  16  0:48  Drone  
  17  0:58  Hatchery  
  16  1:26  Spawning Pool  
  16  1:28  Extractor  
  16  1:29  Extractor, Drone x3  
  16  1:44  Drone  
  17  1:55  Drone  
  18  2:07  Drone  
  19  2:21  Drone x2  
  22  2:22  Drone  
  22  2:23  Queen x2  
  22  2:25  Overlord  
  26  2:38  Drone x2  
  26  2:42  Spine Crawler  
  27  2:50  Drone x2  
  30  2:53  Drone  
  31  2:59  Lair  
  31  3:04  Queen  
  33  3:11  Drone  
  33  3:12  Drone  
  35  3:14  Overlord  
  35  3:39  Drone x2  
  35  3:40  Overlord  
  37  3:47  Zergling x2  
  38  3:49  Overlord  
  38  3:50  Drone x2  
  38  3:51  Pneumatized Carapace  
  40  3:59  Spore Crawler  
  39  4:06  Infestation Pit  
  39  4:07  Nydus Network  
  37  4:33  Queen  
  37  4:37  Drone x2  
  41  4:41  Drone  
  41  4:43  Swarm Host x4  
  41  4:44  Swarm Host x2  
  60  4:49  Extractor  
  60  4:50  Extractor  
  60  4:51  Drone x2  
  60  4:53  Overlord  
  60  5:06  Nydus Canal  
  60  5:12  Drone  
  60  5:13  Drone  
  60  5:14  Drone x2, Overlord  
  63  5:16  Spore Crawler  
  63  5:17  Drone  
  63  5:18  Drone x2  
  66  5:33  Nydus Canal  
  66  5:35  Drone x4  
  69  5:36  Drone x2  
  72  5:55  Drone x3  
  75  5:58  Hatchery  
  75  6:00  Queen  
  76  6:05  Overlord  
  76  6:16  Overlord  
  76  6:23  Hydralisk Den  
  75  6:27  Nydus Canal  
  75  6:28  Overlord  
  75  6:29  Overlord  
  75  6:45  Spine Crawler  
  74  6:47  Spore Crawler  
  74  6:52  Spore Crawler  
  71  6:54  Infestor x3  
  71  6:55  Swarm Host x2  
  71  6:56  Swarm Host x3  
  90  7:07  Queen x2  
  92  7:13  Queen  
  92  7:17  Drone x3  
  95  7:27  Metabolic Boost  
  95  7:28  Muscular Augments  
  95  7:29  Drone x2  
  97  7:46  Overlord  
  97  7:49  Overlord  
  97  7:52  Nydus Canal  
  97  7:53  Zergling x2  
  97  7:54  Zergling x14  
  105  8:25  Burrow  
  105  8:28  Drone  
  105  8:29  Drone x7  
  105  8:32  Overlord  
  113  8:38  Nydus Canal  
  113  8:40  Hatchery, Grooved Spines  
  95  9:15  Drone  
  95  9:16  Drone x2  
  95  9:18  Spore Crawler  
  95  9:20  Drone x6  
  95  9:21  Spore Crawler  
  98  9:38  Nydus Canal  
  98  9:39  Hydralisk  
  98  9:40  Hydralisk x5  
  104  9:52  Overlord  
  103  9:53  Overlord  
  94  10:15  Overlord  
  94  10:16  Overlord  
  94  10:18  Hydralisk  
  94  10:19  Hydralisk x7  
  110  10:25  Drone x2  
  112  10:39  Nydus Canal  
  112  10:43  Hydralisk  
  112  10:44  Hydralisk x6  
  126  10:54  Nydus Canal  
  126  11:11  Overlord  
  126  11:12  Overlord  
  126  11:13  Overlord x2  
  126  11:14  Overlord x3  
  126  11:15  Overlord  
  126  11:18  Extractor  
  126  11:20  Extractor  
  126  11:23  Hatchery  
  123  11:35  Overlord x2  
  123  11:36  Spire  
  123  11:38  Drone x3  
  123  11:39  Drone x3  
  128  11:40  Overlord  
  128  11:43  Drone x2  
  128  11:46  Spore Crawler  
  129  11:51  Overseer  
  129  12:04  Zergling x10  
  129  12:05  Zergling x6  
  129  12:06  Neural Parasite  
  137  12:22  Nydus Canal  
  136  12:57  Nydus Canal  
  136  13:26  Extractor, Drone  
  137  13:27  Drone x3  
  137  13:28  Drone x2, Extractor, Overlord  
  137  13:29  Drone x3  
  137  13:30  Drone x3  
  133  13:56  Mutalisk x12  
  133  14:00  Overlord  
  133  14:01  Overlord  
  157  14:10  Spine Crawler  
  157  14:16  Zerg Flyer Weapons Level 1  
  156  14:17  Hive  
  156  14:19  Pathogen Glands  
  156  14:25  Baneling Nest  
  156  14:27  Roach Warren  
  156  14:31  Nydus Canal  
  154  14:42  Mutalisk  
  154  14:43  Mutalisk x14  
  184  14:54  Overlord  
  184  15:03  Mutalisk x4  
  184  15:06  Drone x2  
  194  15:39  Nydus Canal  
  189  16:02  Mutalisk  
  189  16:03  Mutalisk x4  
  199  16:12  Hatchery  
Show
View Real Time Build Order
Export as new Build Order

DaMaGeR Zerg - Winner!

Build Orders: Hatch First 

Get SALT Encoding   

  12  0:01  Drone  
  13  0:12  Overlord  
  13  0:17  Drone  
  14  0:41  Hatchery  
  13  0:47  Drone  
  13  0:49  Drone  
  15  1:04  Drone x2  
  15  1:08  Extractor  
  15  1:09  Drone  
  17  1:29  Spawning Pool  
  17  1:32  Drone x2  
  18  1:42  Drone  
  19  1:52  Drone  
  20  2:04  Drone x2  
  22  2:10  Drone  
  23  2:20  Queen x2  
  23  2:21  Metabolic Boost  
  27  2:23  Overlord  
  27  2:24  Zergling x2  
  28  2:45  Zergling x2  
  28  2:46  Zergling x8  
  33  3:07  Drone x2  
  33  3:08  Drone  
  33  3:10  Overlord x2  
  36  3:14  Roach Warren  
  36  3:18  Extractor  
  34  3:22  Drone x2  
  36  3:48  Drone x3  
  38  3:52  Overlord x2  
  39  4:21  Roach  
  39  4:22  Roach x11  
  63  4:38  Drone, Overlord  
  64  5:22  Ravager  
  64  5:23  Ravager x5  
  64  5:25  Hatchery  
  69  5:29  Drone  
  69  5:33  Drone x6  
  69  5:34  Extractor, Drone  
  69  5:35  Overlord x3  
  76  5:37  Lair  
  58  6:38  Evolution Chamber  
  51  6:45  Evolution Chamber  
  47  6:53  Spore Crawler  
  46  6:54  Drone  
  47  7:04  Infestation Pit  
  47  7:07  Hydralisk Den  
  46  7:09  Queen x3  
  52  7:37  Hydralisk x10  
  72  7:51  Drone x10  
  73  7:52  Drone x5  
  87  8:00  Drone  
  88  8:11  Extractor  
  87  8:17  Drone  
  88  8:21  Drone  
  88  8:23  Drone x2  
  88  8:24  Drone  
  92  8:34  Extractor  
  91  8:35  Extractor  
  90  8:43  Hydralisk x2  
  90  8:44  Hydralisk x3  
  93  8:54  Grooved Spines  
  90  9:06  Drone  
  90  9:07  Drone x7  
  98  9:10  Overlord x4  
  100  9:38  Pneumatized Carapace  
  100  9:39  Zerg Missile Weapons Level 1, Zerg Ground Armor Level 1  
  100  9:41  Hydralisk  
  100  9:42  Hydralisk x5  
  112  9:46  Drone  
  112  9:47  Drone x2  
  113  10:06  Muscular Augments  
  113  10:10  Hydralisk  
  113  10:11  Hydralisk x3  
  113  10:14  Overlord x6  
  121  10:32  Hatchery  
  120  10:36  Hydralisk x7  
  120  10:37  Hydralisk x2, Infestation Pit  
  137  11:01  Hydralisk x9  
  147  11:39  Hydralisk x3  
  149  11:42  Overlord x5  
  149  11:43  Zerg Missile Weapons Level 2  
  149  11:44  Zerg Ground Armor Level 2  
  149  11:46  Hive  
  153  11:49  Queen  
  139  12:16  Hydralisk  
  139  12:17  Hydralisk x10  
  139  12:20  Hydralisk  
  157  12:40  Hydralisk x7  
  157  12:44  Zergling x8  
  173  12:53  Spore Crawler  
  173  12:54  Spore Crawler  
  173  12:57  Drone x4  
  175  13:20  Overlord  
  175  13:21  Overlord x4  
  172  13:33  Overseer x3  
  172  13:36  Hydralisk  
  172  13:37  Hydralisk  
  172  13:39  Hydralisk  
  172  13:40  Hydralisk x9  
  196  13:51  Queen  
  136  14:32  Hydralisk  
  136  14:33  Hydralisk x17  
  135  15:08  Drone  
  135  15:09  Drone x11  
  147  15:37  Extractor  
  147  15:39  Extractor  
  145  15:44  Viper x2  
  145  15:45  Viper x4  
  163  15:58  Hatchery  
  163  16:00  Hydralisk  
  163  16:01  Hydralisk x5  
  163  16:02  Zergling x10  
  163  16:03  Zergling x16  
Show
View Real Time Build Order
Export as new Build Order

Massa Terran 

Build Orders:  

Get SALT Encoding   

  12  0:00  SCV  
  13  0:12  SCV  
  14  0:20  Supply Depot  
  14  0:24  SCV  
  15  0:41  SCV  
  16  0:43  Barracks  
  16  0:49  Refinery  
  16  0:53  SCV  
  17  1:05  SCV  
  18  1:18  SCV  
  19  1:30  SCV  
  20  1:34  Reaper  
  21  1:42  Command Center  
  21  1:43  Orbital Command  
  21  1:51  Refinery  
  21  2:06  Supply Depot  
  21  2:11  Factory  
  21  2:16  SCV  
  21  2:19  Barracks Tech Lab  
  22  2:40  SCV  
  23  2:53  SCV  
  24  3:01  Supply Depot  
  24  3:02  Barracks Reactor, Orbital Command  
  24  3:05  SCV  
  25  3:09  Hellion  
  25  3:10  Infernal Pre-Igniter  
  27  3:15  Supply Depot  
  27  3:17  SCV  
  28  3:36  Hellion  
  28  3:41  SCV x2  
  32  3:44  Engineering Bay  
  32  3:50  Starport  
  32  3:53  SCV x2  
  32  3:54  Marine x2  
  36  3:58  Hellion  
  37  4:10  Factory, Terran Infantry Weapons Level 1  
  37  4:14  Barracks  
  37  4:19  Hellion  
  39  4:30  Marine  
  39  4:31  Marine  
  41  4:40  SCV x2  
  41  4:41  Hellion, Liberator  
  48  4:48  Refinery  
  48  4:52  SCV x2, Armory  
  50  4:54  Missile Turret  
  50  4:57  Missile Turret  
  50  5:00  Factory Reactor  
  50  5:03  Barracks Tech Lab  
  50  5:04  SCV x2  
  50  5:06  Marine x2  
  54  5:08  Hellion  
  56  5:19  Refinery  
  56  5:29  Hellion  
  49  5:59  Hellion x2  
  49  6:00  Siege Tank  
  56  6:05  Terran Infantry Armor Level 1  
  52  6:14  Stimpack  
  52  6:20  Supply Depot  
  52  6:25  Orbital Command  
  47  6:47  Supply Depot  
  47  6:48  Supply Depot x2  
  47  6:49  Supply Depot x2  
  47  7:09  Viking  
  47  7:10  Hellion x2, Marauder  
  55  7:19  SCV x2  
  57  7:29  Armory  
  57  7:31  SCV x2, Marauder  
  57  7:34  Refinery, Sensor Tower  
  61  7:41  Starport Reactor  
  61  7:43  SCV x2  
  60  7:55  SCV  
  47  8:07  SCV x2  
  49  8:19  SCV  
  51  8:20  SCV  
  51  8:22  Sensor Tower  
  51  8:32  SCV x2  
  53  8:34  Medivac x2  
  53  8:35  Marauder  
  53  8:38  Hellion  
  53  8:39  Hellion x2  
  65  8:44  SCV x2  
  65  8:46  Barracks  
  67  8:51  Barracks x2  
  67  8:52  Barracks  
  67  8:56  SCV x2  
  67  8:57  Marauder  
  67  9:00  Sensor Tower  
  37  9:18  Marauder  
  33  9:25  Medivac x2  
  36  9:32  SCV, Armory  
  36  9:37  Marine  
  38  9:40  Marauder  
  38  9:42  Marine  
  38  9:44  SCV  
  41  9:56  SCV  
  42  10:01  Marauder  
  42  10:07  Viking x2  
  48  10:16  Orbital Command  
  48  10:22  Marauder  
  50  10:32  Refinery  
  50  10:34  Marine x2  
  52  10:43  SCV x2  
  52  10:44  Marauder  
  52  10:49  Hellion  
  58  10:52  Marine x2  
  58  10:55  SCV x2  
  62  11:05  Marauder  
  62  11:07  SCV x2  
  62  11:09  Barracks Tech Lab  
  62  11:10  Marine  
  67  11:19  SCV x2  
  67  11:24  Siege Tank  
  67  11:25  Widow Mine  
  62  11:26  Marauder  
  62  11:27  Marine x2  
  62  11:28  Marine  
  64  11:44  Widow Mine  
  64  11:47  Widow Mine  
  68  11:48  Marauder  
  68  11:51  SCV x2  
  68  11:52  Refinery  
  72  12:03  SCV x2  
  70  12:19  Barracks  
  70  12:20  Factory Tech Lab  
  70  12:25  Supply Depot  
  70  12:46  SCV x2, Marine x3, Supply Depot  
  70  12:47  Marauder  
  70  12:48  Supply Depot  
  70  12:50  Refinery  
  77  12:59  Refinery, SCV  
  78  13:07  SCV, Marine x2, Siege Tank  
  78  13:08  Marauder  
  78  13:09  Marauder, Marine, Supply Depot  
  78  13:11  Supply Depot  
  89  13:20  SCV x2  
  89  13:25  Marine  
  92  13:29  Marauder  
  92  13:31  Marauder, Viking  
  92  13:32  Sensor Tower, Supply Depot  
  98  13:34  Supply Depot  
  98  13:50  Marauder, Siege Tank  
  98  13:53  Concussive Shells  
  98  13:55  Marauder, Marine x3, Supply Depot  
  108  13:58  Supply Depot  
  108  14:11  Marine  
  108  14:12  Marine  
  108  14:13  Marine x2  
  106  14:22  Command Center  
  89  14:29  Marauder  
  89  14:30  Marauder, Marine  
  67  14:37  Widow Mine  
  64  14:39  Marine  
  60  14:50  Marauder  
  60  14:51  Marauder  
  64  14:57  Marine  
  64  14:58  Marine x2, Siege Tank  
  70  15:11  Marauder  
  70  15:12  Marauder  
  74  15:15  Marine  
  75  15:33  Marauder  
  75  15:34  Marauder  
  79  15:54  Marauder  
Show
View Real Time Build Order
Export as new Build Order

qqq Zerg 

Build Orders: Hatch First, Brood Lord Corruptor 

Get SALT Encoding   

  12  0:00  Drone  
  13  0:08  Drone  
  14  0:17  Overlord  
  14  0:48  Hatchery  
  13  0:52  Drone  
  13  0:53  Drone  
  13  0:56  Drone  
  16  1:19  Spawning Pool  
  16  1:20  Drone x2  
  16  1:23  Extractor  
  16  1:48  Drone x2  
  16  1:53  Drone  
  19  2:00  Drone  
  20  2:02  Drone  
  21  2:12  Drone  
  21  2:14  Drone  
  21  2:15  Queen  
  27  2:24  Drone  
  28  2:31  Overlord  
  28  2:36  Lair  
  26  2:39  Spine Crawler  
  26  2:41  Drone  
  26  2:49  Spine Crawler  
  25  2:56  Drone x2  
  28  2:58  Drone x3, Extractor  
  28  3:21  Zergling x4  
  28  3:27  Spine Crawler  
  29  3:28  Spine Crawler  
  28  3:47  Drone  
  28  3:48  Drone x2  
  31  3:49  Drone x5, Spire  
  35  4:15  Drone  
  36  4:17  Extractor, Overlord x2  
  36  4:19  Extractor  
  34  4:26  Queen  
  34  4:30  Overlord  
  34  4:31  Overlord  
  36  4:36  Spine Crawler  
  36  4:38  Drone x3  
  38  4:47  Overlord  
  38  4:49  Drone  
  39  5:01  Mutalisk  
  39  5:02  Mutalisk, Infestation Pit  
  42  5:08  Drone  
  42  5:11  Mutalisk  
  45  5:15  Hatchery  
  45  5:16  Drone  
  45  5:17  Drone  
  46  5:28  Mutalisk  
  46  5:29  Mutalisk  
  46  5:31  Drone  
  43  5:47  Mutalisk x2  
  45  6:12  Mutalisk x2  
  49  6:33  Hive  
  49  6:35  Mutalisk  
  36  7:17  Mutalisk  
  36  7:18  Mutalisk x5  
  36  7:21  Drone  
  43  7:35  Drone x2  
  43  7:36  Drone  
  46  7:42  Drone  
  47  8:18  Mutalisk x3  
  53  8:21  Drone x4  
  53  8:22  Drone  
  58  8:28  Drone  
  58  8:29  Drone  
  60  9:16  Drone x7  
  60  9:17  Drone x2  
  65  9:55  Drone  
  65  9:56  Drone x8  
  74  10:11  Hatchery  
  72  10:17  Hatchery  
  68  10:43  Mutalisk, Greater Spire  
  68  10:44  Mutalisk x2  
  68  10:47  Overlord  
  68  10:48  Overlord x5  
  74  10:50  Extractor  
  74  10:51  Extractor  
  72  11:03  Drone x2  
  74  11:05  Overlord  
  70  11:25  Corruptor x2  
  70  11:26  Drone  
  70  11:27  Drone  
  70  11:30  Drone  
  77  12:01  Mutalisk x7  
  89  12:17  Corruptor x4  
  89  12:21  Drone x2  
  89  12:22  Drone x4  
  103  12:23  Drone x3  
  91  12:49  Corruptor x4  
  90  13:16  Lair  
  90  13:17  Hatchery  
  90  13:19  Brood Lord  
  95  13:20  Brood Lord x3  
  97  13:52  Zerg Flyer Weapons Level 1  
  95  13:55  Brood Lord  
  95  13:56  Brood Lord  
  95  13:58  Drone x3  
  102  14:15  Brood Lord  
  102  14:28  Brood Lord  
  92  14:43  Brood Lord  
  92  14:44  Corruptor  
  88  15:00  Mutalisk x3  
  94  15:08  Drone x5  
  94  15:09  Drone  
  100  15:30  Brood Lord, Corruptor  
  100  15:31  Corruptor  
  100  15:33  Overlord x4  
  106  15:36  Hatchery x2  
  104  16:08  Corruptor x2  
Tags
 
Add a new tag
Caveats
  • Supply blocks, unpowered buildings, or Contaminate may cause inaccurate times.
  • Supply counts are checked every 10 seconds.